 Dungeon Crawl Stone Soup version 0.24-a0-235-g3f03afcf10 (webtiles) character file.

Game seed: 787501395799424739

59 Redear the Shield-Bearer (level 4, -1/46 HPs)
             Began as an Octopode Fighter on Apr 5, 2019.
             Slain by an adder (3 damage)
             ... on level 2 of the Dungeon.
             The game lasted 00:02:18 (1357 turns).

Redear the Shield-Bearer (Octopode Fighter)         Turns: 1357, Time: 00:02:19

Health: -1/46      AC:  1    Str: 20    XL:     4   Next: 3%
Magic:  4/4        EV: 14    Int: 11    God:
Gold:   61         SH:  0    Dex: 11    Spells: 3/3 levels left

rFire    . . .     SeeInvis .   a - +0 long sword
rCold    . . .     Gourm    .   (no shield)
rNeg     . . .     Faith    .   (helmet restricted)
rPois    .         Spirit   .   (no amulet)
rElec    .         Reflect  .   (no ring)
rCorr    .         Harm     .   (no ring)
MR       .....                  (no ring)
Stlth    ..........             (no ring)
HPRegen  0.15/turn              (no ring)
MPRegen  0.09/turn              (no ring)
                                (no ring)
                                (no ring)

@: mighty, berserking, very quick
A: almost no armour, stealthy swim, amphibious, 8 rings, constrict 8, camouflage
1, gelatinous body 1
a: no special abilities


You were on level 2 of the Dungeon.
You were not hungry.

You visited 1 branch of the dungeon, and saw 2 of its levels.

You collected 61 gold pieces.

Inventory:

Hand Weapons
 a - a +0 long sword (weapon)
Armour
 b - a +0 shield
Jewellery
 e - an uncursed ring of protection from fire {unknown}
Scrolls
 f - 2 scrolls of immolation {unknown}
 g - a scroll of amnesia {unknown}
 i - a scroll of fog {unknown}
 j - a scroll of teleportation {unknown}
 k - a scroll of magic mapping {unknown}
Comestibles
 z - 5 rations


   Skills:
 + Level 3.5 Fighting
 + Level 2.7 Long Blades
 + Level 3.4 Dodging
 + Level 3.5 Shields


You had 3 spell levels left.
You didn't know any spells.
Your spell library was empty.

Dungeon Overview and Level Annotations

Branches:
Dungeon (2/15)

Altars:
Okawaru
Ru


Innate Abilities, Weirdness & Mutations

You cannot wear most types of armour.
You are very stealthy in the water. (Stealth+)
You are amphibious.
You can wear up to eight rings at the same time.
You can use your tentacles to constrict eight enemies at once.
Your skin changes colour to match your surroundings (Stealth+).
Your rubbery body absorbs attacks. (AC +1, EV +1)


Message History

You take 2 damage, and have 5/31 hp.
Unknown command.
You miss the adder. You grab the adder. You constrict the adder.
* * * LOW HITPOINT WARNING * * *
You feel sick. The adder bites you but does no damage. The worm bites you.
* * * LOW HITPOINT WARNING * * *
The adder barely misses you.
You take 3 damage, and have 2/31 hp.
Unknown command.
It was a potion of curing.
You feel better.
You constrict the adder. The adder bites you.
* * * LOW HITPOINT WARNING * * *
The worm bites you.
* * * LOW HITPOINT WARNING * * *
You take 1 damage, and have 1/31 hp.
It was a potion of berserk rage.
A red film seems to cover your vision as you go berserk!
You feel yourself moving faster!
You feel mighty!
You constrict the adder. The adder barely misses you. The adder bites you.
You die...

#.............##
#....
#.#####......##
#..## #)##
#.###### #...###
#..## #.# #.###
#...###.# #.
#.≈.≈...# .
#≈.≈.≈..# #.
####
##...##.######
#...
#.≈.#..@w...#
#.#.
#...#..S....#
#.._..
#.≈.#.......#
###.#.
#...#.......#
#...
#.≈.#.......#
####
#...#########
#≈_≈# #≈≈≈#
#####


You could see a worm and an adder.

Vanquished Creatures
  An adder (D:2)
  3 worms (D:2)
  A dart slug (D:2)
  3 leopard geckos
  2 giant cockroaches
  A goblin (D:2)
  5 hobgoblins
  A quokka (D:2)
  7 bats
  7 frilled lizards
  4 kobolds (D:2)
  5 rats (D:1)
40 creatures vanquished.

Notes
Turn   | Place    | Note
-------+----------+-------------------------------------------
     0 | D:1      | Redear the Octopode Fighter began the quest for the Orb.
     0 | D:1      | Reached XP level 1. HP: 16/16 MP: 1/1
   426 | D:1      | Reached XP level 2. HP: 17/21 MP: 2/2
   925 | D:2      | Reached XP level 3. HP: 22/26 MP: 3/3
  1194 | D:2      | Found an iron altar of Okawaru.
  1330 | D:2      | Reached XP level 4. HP: 16/31 MP: 4/4
  1338 | D:2      | Found a sacrificial altar of Ru.
  1355 | D:2      | HP: 2/31 [worm (2)]
  1357 | D:2      | Slain by an adder

Levels and vault maps discovered:
D:1:      dpeg_arrival_simpleton_b, layout_basic, minmay_distorted
D:2:      layout_rooms, lemuel_crystal_altar, serial_glass, glass_columns_b,
          glass_columns_a, item_on_display_a, first_ration,
          nicolae_ru_path_of_blood

Action                   |  1- 3 |  4- 6 || total
-------------------------+-------+-------++-------
Melee: Long sword        |    66 |     3 ||    69
       Constrict         |    27 |     1 ||    28
       Tentacles         |    19 |       ||    19
  Use: Potion            |       |     3 ||     3
 Stab: Sleeping          |     7 |       ||     7
  Eat: Chunk             |     1 |       ||     1
Armor: Skin              |     6 |     2 ||     8
Dodge: Dodged            |    47 |     6 ||    53
       Rpst.: Long sword |    13 |     1 ||    14

Table legend:
 A = Non-vault XP
 B = Vault XP
 C = Vault XP percentage of total XP
 D = Non-vault monster count
 E = Vault monster count
 F = Vault count percentage of total count
                 A         B        C        D         E       F
            +---------+---------+-------+---------+---------+-------
      Total |      85 |       0 |   0.0 |      40 |       0 |   0.0
            +---------+---------+-------+---------+---------+-------
        D:1 |      19 |       0 |   0.0 |      14 |       0 |   0.0
        D:2 |      66 |       0 |   0.0 |      26 |       0 |   0.0
            +---------+---------+-------+---------+---------+-------
